 Dungeon Crawl Stone Soup version 0.30-a0-702-gdf48620a09 (webtiles) character file.

Game seed: 5825714710568330011

332 Fenrisus the Digger (level 6, 0/66 HPs)
             Began as a Formicid Earth Elementalist on Jan 21, 2023.
             Slain by an ogre
             ... wielding a +0 giant club
              (8 damage)
             ... on level 3 of the Dungeon.
             The game lasted 00:19:24 (3815 turns).

Fenrisus the Digger (Formicid Earth Elementalist)   Turns: 3815, Time: 00:19:25

Health: 0/66       AC: 23    Str: 13    XL:     6   Next: 82%
Magic:  10/10      EV:  2    Int: 19    God:
Gold:   96         SH:  0    Dex: 26    Spells: 7/11 levels left

rFire   . . .      SeeInvis +    r - +7 dagger "Feh Fato" {flame, rElec Int+3 SInv}
rCold   . . .      Faith    .    (no shield)
rNeg    . . .      Spirit   .    (body armour currently unavailable)
rPois   +          Reflect  .    (helmet unavailable)
rElec   +          Harm     .    (cloak currently unavailable)
rCorr   .          Rampage  .    (gloves currently unavailable)
Will    .....                    (boots currently unavailable)
Stlth   +++                      l - amulet of the acrobat
HPRegen 0.31/turn                e - +6 ring of dexterity
MPRegen 0.12/turn                p - +6 ring of dexterity

@: tree-form, acrobatic
A: stationary, stasis, torment immunity, boosted hp, permanent stasis, dig
shafts and tunnels, (antennae 3), four strong arms
a: no special abilities


You were on level 3 of the Dungeon.
You were a tree.
You visited 1 branch of the dungeon, and saw 6 of its levels.

You collected 96 gold pieces.

Inventory:

Hand Weapons
 b - a +0 short sword
 n - a +2 short sword of speed
 r - the +7 dagger "Feh Fato" (weapon) {flame, rElec Int+3 SInv}
   (You found it on level 4 of the Dungeon)

   Int:       It affects your intelligence (+3).
   rElec:     It insulates you from electricity.
   SInv:      It lets you see invisible.
Missiles
 k - a throwing net
Armour
 m - a +0 pair of gloves
 t - a +2 leather armour of cold resistance (melded)
Jewellery
 e - a +6 ring of dexterity (left branch)
 l - an amulet of the acrobat (around neck)
 p - a +6 ring of dexterity (right branch)
 s - a ring of positive energy
Wands
 a - a wand of mindburst (12)
Scrolls
 h - 3 scrolls of identify
 o - a scroll of enchant armour {unknown}
 q - a scroll of poison {unknown}
Potions
 c - a potion of lignification
 d - 2 potions of brilliance {unknown}
 f - a potion of mutation {unknown}
 g - 2 potions of degeneration {unknown}
 i - 2 potions of curing {unknown}
 j - 3 potions of ambrosia


   Skills:
 + Level 2.1 Fighting
 + Level 0.9 Short Blades
 + Level 1.4 Armour
 + Level 3.0 Dodging
 + Level 4.4 Stealth
 - Level 3.1 Spellcasting
 - Level 2.6 Transmutations
 - Level 4.5 Earth Magic


You had 7 spell levels left.
You knew the following spells:

 Your Spells              Type           Power      Damage    Failure   Level
a - Sandblast             Erth           40%        2d10      2%          1
b - Stone Arrow           Conj/Erth      22%        3d8       19%         3

Your spell library contained the following spells:

 Spells                   Type           Power      Damage    Failure   Level
 Passwall                 Tmut/Erth      13%        N/A       5%          2
 Petrify                  Tmut/Erth      16%        N/A       34%         4
 Kindle Blastsparks       Fire/Tloc/Air  4%         2d10      41%         3
 Lee's Rapid Deconstruct  Erth           10%        3d8*      54%         5
 Fulminant Prism          Conj/Hex       1%         3d5       83%         4
 Iskenderun's Mystic Bla  Conj/Tloc      2%         2d3       83%         4


Dungeon Overview and Level Annotations

Branches:
Dungeon (6/15)
 Temple: D:4-7

Altars:
Gozag
Yredelemnul

Shops:
D:3 =   D:4 !


Innate Abilities, Weirdness & Mutations

You are a tree.
Your roots penetrate the ground, keeping you stationary.
You cannot be teleported.
You are immune to unholy pain and torment.
Your maximum health is greatly increased.
Your equipment is partially melded.
You cannot be hasted, slowed, berserked, paralysed or teleported.
You can dig through walls and to a lower floor.
((You have a pair of large antennae on your head. (SInv)))
Your four strong arms can wield two-handed weapons with a shield.


Message History

There is a large open door here.
You see here 4 large rocks.
You enter the shallow water.
Moving in this stuff is going to be slow.
Done exploring.
Things that are here:
a +0 flail; a +0 flail You see here a +0 halberd.
Things that are here:
a +0 ring mail; a +0 spear
Things that are here:
a +0 leather armour; a +0 dagger
There is a stone staircase leading down here.
You climb downwards.
The kobold throws a stone.
The stone closely misses you.
The stone hits the demonic plant.
The demonic plant begins to die.
The ogre barely misses you.
There is a stone staircase leading up here.
The orc hits you from afar with a +0 trident.
The orc priest calls down the wrath of Beogh upon you.
Beogh smites you!
The ogre hits you with a +0 giant club!!
* * * LOW HITPOINT WARNING * * *
You climb upwards.
There is a stone staircase leading down here.
Really quaff the potion of lignification?
You turn into a tree.
Your +2 leather armour of cold resistance melds into your body.
You feel less resistant to cold.
Your roots penetrate the ground.
You are too injured to fight recklessly!
You are too injured to fight recklessly!
You are too injured to fight recklessly!
You are too injured to fight recklessly!
You are too injured to fight recklessly!
You are too injured to fight recklessly!
The ogre hits you with a +0 giant club.
* * * LOW HITPOINT WARNING * * *
The ogre hits you but does no damage. The ogre barely misses you.
The ogre hits you with a +0 giant club!
You die...

~#.........................(...).
P....#..#..#..#..#..#..#..#..#..#
~P...............................
~P.#############################.
~..##.# ###...###..##..##.##.
~..##># #....................
P.###.# #.#..#########.##.### ..#
#.# ##.#..# #.##.# .##
#.######...O♣# #.#<(# .#
#).......#...# #.#.## .#
#.######...#.# #....### ## #[#
##.##?# ###..... # #.#
##.##)######### #..>## #####)#
#..##.........# #...#
....).######.###..######.# #...#
#######...........# #.# #...##
#..###.###.## #.# #.....


You could see an ogre.

Vanquished Creatures
  A gnoll sergeant (D:3)
  A necrophage (D:3)
  A hound (D:5)
  An orc priest (D:3)
  4 gnolls (D:3)
  3 adders
  A white imp (D:4)
  A worm (D:3)
  2 dart slugs
  4 orcs
  2 endoplasms (D:2)
  4 giant cockroaches
  6 goblins
  4 hobgoblins
  7 kobolds
  3 quokkas (D:2)
  9 ball pythons
  9 bats
  4 frilled lizards
  4 rats
71 creatures vanquished.

Vanquished Creatures (others)
  2 demonic plants (D:4)
  3 plants (D:3)
5 creatures vanquished.

Grand Total: 76 creatures vanquished

Notes
Turn   | Place    | Note
-------+----------+-------------------------------------------
     0 | D:1      | Fenrisus the Formicid Earth Elementalist began the quest
                  | for the Orb.
     0 | D:1      | Reached XP level 1. HP: 13/13 MP: 3/3
   104 | D:1      | Reached XP level 2. HP: 19/19 MP: 1/5
   989 | D:2      | Reached XP level 3. HP: 24/24 MP: 4/6
  1198 | D:2      | Found an opulent altar of Gozag.
  1295 | D:2      | Learned a level 3 spell: Stone Arrow
  1650 | D:2      | Reached XP level 4. HP: 30/30 MP: 4/8
  1970 | D:3      | Found a basalt altar of Yredelemnul.
  2339 | D:3      | Noticed a gnoll sergeant
  2343 | D:3      | Killed a gnoll sergeant
  2344 | D:3      | Reached XP level 5. HP: 36/36 MP: 7/9
  2348 | D:3      | Reached skill level 1 in Fighting
  2539 | D:3      | You fall into a shaft and drop 3 floors!
  2588 | D:5      | Entered Level 5 of the Dungeon
  2600 | D:5      | Reached XP level 6. HP: 36/43 MP: 8/10
  2775 | D:4      | Found Omihatet's Distillery.
  2777 | D:4      | Identified the +7 dagger "Feh Fato" {flame, rElec Int+3
                  | SInv}
  2797 | D:4      | Noticed an ogre
  2805 | D:3      | Reached skill level 1 in Armour
  2956 | D:3      | Found Tistref's Jewellery Shop.
  3035 | D:3      | Found a faded altar of an unknown god.
  3815 | D:3      | Slain by an ogre

Illustrated notes

Levels and vault maps discovered:
D:1:      spicycebolla_arrival_clurvy, layout_loops_ring, st_stairs_6
D:2:      layout_rooms, serial_glass, glass_columns_a, glass_columns_b,
          basic_altar
D:3:      layout_loops_ring, mainiacjoe_overflow_six_doors_small,
          nicolae_ecumenical_lake_church, serial_shops, shop,
          kennysheep_big_empty_room, columned_hall_lemuel, serial_bayou_pond_c
D:4:      layout_rooms, serial_shops, shop, serial_demonic, serial_demonic_c,
          serial_demonic_b, serial_demonic_d, serial_demonic_f,
          serial_demonic_g, serial_demonic_g, chequers_serial_rivers_room_b
D:5:      minmay_skewed_foursquare, layout_basic, old_standard_altar,
          mainiacjoe_overflow_divided_tiny, amethyst_overflow_temple_binary,
          nicolae_ossuary_entry_giza, nicolae_shop_clearance
D:6:      layout_basic, trog_butcher_becter, nicolae_tso_besieged_by_evil,
          serial_shops, nicolae_shop_bloodbath_and_beyond,
          kennysheep_generic_room_11

Skill      XL: |  1  2  3  4  5  6 |
---------------+-------------------+-----
Dodging        | 2 3 |  3.0
Stealth        | 3 4 |  4.4
Earth Magic    | 4 |  4.5
Transmutations | 2 |  2.6
Spellcasting   | 3 |  3.1
Fighting       | 1 2 |  2.1
Armour         | 1 |  1.4
Short Blades   | |  0.9

Action                   |  1- 3 |  4- 6 || total
-------------------------+-------+-------++-------
Melee: Dagger            |    13 |    57 ||    70
       Short sword       |       |    36 ||    36
       Punch             |       |     2 ||     2
 Cast: Sandblast         |    43 |    21 ||    64
       Stone Arrow       |     1 |     1 ||     2
Evoke: Wand              |       |     7 ||     7
  Use: Potion            |     1 |     1 ||     2
       Scroll            |     6 |       ||     6
 Stab: Distracted        |     1 |       ||     1
       Sleeping          |       |     1 ||     1
Armor: Robe              |     4 |       ||     4
       Leather armour    |     2 |    12 ||    14
       Skin              |       |     1 ||     1
Dodge: Dodged            |    18 |    66 ||    84

Table legend: (Time is in decaauts)
 A = Elapsed time spent in this place.
 B = Non-inter-level travel time spent in this place.
 C = Inter-level travel time spent in this place.
 D = Time resting spent in this place.
 E = Time spent auto-exploring this place.
 F = Levels seen in this place.
 G = Mean time per level.
                   A        B        C        D        E       F      G
               +--------+--------+--------+--------+--------+-----+--------+
         Total |   3826 |   2253 |   1573 |    919 |    764 |   6 |  637.7 |
       Dungeon |   3826 |   2253 |   1573 |    919 |    764 |   6 |  637.7 |
               +--------+--------+--------+--------+--------+-----+--------+

Top non-repeatable levels by time:
     D:3: 1662 daAuts
     D:1: 957 daAuts
     D:2: 946 daAuts
     D:5: 127 daAuts
     D:4: 84 daAuts
     D:6: 48 daAuts
